 Dungeon Crawl Stone Soup version 0.31-a0-185-g9dded2c639 (webtiles) character file.

Game seed: 1910416405581367198

86 qw the Shooter (level 4, 0/25 HPs)
             Began as a Deep Elf Hunter on June 22, 2023.
             Slain by Sigmund
             ... wielding a +2 scythe of flaming
              (7 damage)
             ... on level 3 of the Dungeon.
             The game lasted 00:00:42 (1424 turns).

qw the Shooter (Deep Elf Hunter)                    Turns: 1424, Time: 00:00:42

Health: 0/25       AC:  4    Str:  8    XL:     4   Next: 27%
Magic:  6/6        EV: 13    Int: 14    God:
Gold:   9          SH:  0    Dex: 24    Spells: 3/3 levels left

rFire   . . .        Y - +0 shortbow
rCold   . . .        (shield currently unavailable)
rNeg    . . .        c - +0 leather armour
rPois   .            (no helmet)
rElec   .            i - +0 cloak
rCorr   .            (no gloves)
SInv    .            (no boots)
Will    .....        g - amulet of Gampyq {RegenMP *Corrode +Inv Str-2 Dex+6}
Stlth   ++           (no ring)
HPRegen 0.24/turn    (no ring)
MPRegen 0.50/turn

%: corrode self (3%)
@: no status effects
A: no striking features
a: Evoke Invisibility


You were on level 3 of the Dungeon.
You visited 1 branch of the dungeon, and saw 3 of its levels.

You collected 128 gold pieces.
You spent 119 gold pieces at shops.


   Skills:
 - Level 1.5 Fighting
 - Level 7.6 Ranged Weapons
 + Level 2.6 Dodging
 - Level 1.2 Stealth


You had 3 spell levels left.
You didn't know any spells.
Your spell library was empty.

Inventory:

Hand Weapons
 Y - a +0 shortbow (weapon)
Armour
 c - a +0 leather armour (worn)
 i - a +0 cloak (worn)
Jewellery
 g - the amulet of Gampyq (around neck) {RegenMP *Corrode +Inv Str-2 Dex+6}
   (You found it on level 2 of the Dungeon)

   [amulet of magic regeneration]

   It increases your rate of magic regeneration.
   Str:       It affects your strength (-2).
   Dex:       It affects your dexterity (+6).
   +Inv:      It lets you turn invisible.
   *Corrode:  It may corrode you when you take damage.
Scrolls
 d - 2 scrolls of identify
Potions
 e - a potion of enlightenment

Dungeon Overview and Level Annotations

Branches:
Dungeon (3/15)

Altars:

Shops:
D:2 [?(

Annotations:
D:3 Sigmund


Message History

You shoot an arrow. The arrow closely misses Sigmund.
You shoot an arrow. The arrow hits Sigmund!
Sigmund is heavily wounded.
Sigmund hits you from afar with a +2 scythe of flaming!
Sigmund burns you.
You shoot an arrow. The arrow hits Sigmund.
Sigmund is severely wounded.
Sigmund hits you from afar with a +2 scythe of flaming.
Sigmund burns you.
1390 ||| READING scroll labelled CATYDE HIOTAT.
As you read the scroll labelled CATYDE HIOTAT, it crumbles to dust.
You assume a fearsome visage.
Sigmund looks frightened!
It was a scroll of fear.
Sigmund casts a spell.
Sigmund flickers and vanishes!
Deactivating autopickup; reactivate with Ctrl-A.
Autopickup is now on.
You see here a +0 whip.
You start resting.
A frilled lizard comes into view.
You shoot an arrow. The arrow misses the frilled lizard.
You shoot an arrow. The arrow hits the frilled lizard.
You kill the frilled lizard!
You start resting.
There is a strange disturbance nearby!
1418 ||| Stepping randomly (disturbance).
Deactivating autopickup; reactivate with Ctrl-A.
Something tries to affect you, but you resist.
You shoot an arrow. You shoot an arrow. You shoot an arrow.
You hear some strange, mumbled words.
A puff of flame appears from out of thin air!
The puff of flame misses you.
You shoot an arrow. Something hits you. Something burns you.
You shoot an arrow. Something hits you. Something burns you.
You shoot an arrow. Something hits you!
You die...

#..#### #.##.# #..##..
#.##.# #..##.#
#.#####(##.# #.>##.#
#..........## ...##.#
............# ##.##.#
######)###.# #.##.# #{#
#.# ##.##.# #.# #.#
...>..# #@###.##
...#############.##...##
........<....%...#.....##
.##############%#.......#
.# #..................#
.# #<#######..).......#
.# ##.## #..##.....##
.####.#.######..###...##
#....###........# ##....


There were no monsters in sight!

Vanquished Creatures
  3 adders (D:2)
  A worm (D:2)
  2 dart slugs (D:1)
  4 ball pythons
  5 bats
  2 endoplasms (D:1)
  A giant cockroach (D:2)
  5 goblins
  7 hobgoblins
  5 jackals
  3 kobolds
  4 quokkas
  4 frilled lizards
  3 rats (D:1)
49 creatures vanquished.

Notes
Turn   | Place    | Note
-------+----------+-------------------------------------------
     0 | D:1      | qw the Deep Elf Hunter began the quest for the Orb.
     0 | D:1      | Reached XP level 1. HP: 12/12 MP: 3/3
     0 | D:1      | 0 ||| qw: Version: 0.3-a-9-g12657ce
     0 | D:1      | 0 ||| qw: Game counter: 1693
     0 | D:1      | 0 ||| qw: Always use a shield: true
     0 | D:1      | 0 ||| qw: God list: Okawaru
     0 | D:1      | 0 ||| qw: Allow faded altars: false
     0 | D:1      | 0 ||| qw: Do Orc after D:15 true
     0 | D:1      | 0 ||| qw: Do second Lair branch before Depths: true
     0 | D:1      | 0 ||| qw: Lair rune preference: random
     0 | D:1      | 0 ||| qw: Plans: Normal
     0 | D:1      | 0 ||| PLANNING D:1-11
   115 | D:1      | Reached XP level 2. HP: 16/16 MP: 4/4
   129 | D:1      | Reached skill level 6 in Ranged Weapons
   172 | D:1      | Found a faded altar of an unknown god.
   173 | D:1      | Noticed a golden eye
   180 | D:1      | Noticed an eye of devastation
   192 | D:1      | Noticed a golden eye
   192 | D:1      | Noticed a shining eye
   487 | D:1      | Reached XP level 3. HP: 20/20 MP: 5/5
   553 | D:1      | 553 ||| UPGRADING to amulet of guardian spirit.
   558 | D:1      | 558 ||| READING scroll labelled QIFFEBBUOGG.
   559 | D:1      | 559 ||| READING scroll labelled EXEUGABOWK.
   560 | D:1      | 560 ||| READING scroll labelled MATYUT DEPRO.
   564 | D:1      | 564 ||| DRINKING 2 glowing ruby potions.
   565 | D:1      | 565 ||| DROPPING scroll of butterflies.
   633 | D:2      | Reached skill level 7 in Ranged Weapons
   766 | D:2      | Found Rutz's Antique Weapon Emporium.
   815 | D:2      | Found Fusoor's Magic Scroll Emporium.
  1005 | D:2      | Reached XP level 4. HP: 25/25 MP: 6/6
  1033 | D:2      | Identified the amulet of Gampyq {RegenMP *Corrode +Inv
                  | Str-2 Dex+6}
  1044 | D:2      | Found Negam's Antique Armour Emporium.
  1060 | D:2      | 1060 ||| BUYING cloak (99 gold).
  1060 | D:2      | Bought a cloak for 99 gold pieces
  1060 | D:2      | 1060 ||| SHOPLISTING pair of bloodstained gloves (209 gold,
                  | have 29).
  1060 | D:2      | 1060 ||| SHOPLISTING pair of gloves (99 gold, have 29).
  1060 | D:2      | 1060 ||| SHOPLISTING runed scale mail (154 gold, have 29).
  1131 | D:2      | 1131 ||| BUYING scroll of identify (20 gold).
  1131 | D:2      | Bought a scroll of identify for 20 gold pieces
  1131 | D:2      | 1131 ||| SHOPLISTING scroll of identify (20 gold, have 9).
  1131 | D:2      | 1131 ||| SHOPLISTING scroll of teleportation (30 gold, have
                  | 9).
  1223 | D:2      | 1223 ||| UPGRADING to +0 cloak.
  1228 | D:2      | 1228 ||| UPGRADING to amulet of Gampyq {RegenMP *Corrode
                  | +Inv Str-2 Dex+6}.
  1238 | D:2      | 1238 ||| DROPPING amulet of guardian spirit.
  1239 | D:2      | 1239 ||| READING scroll labelled PIGAQILIULL.
  1240 | D:2      | 1240 ||| READING scroll labelled ESI ETONYPE.
  1241 | D:2      | 1241 ||| READING 3 scrolls of identify.
  1241 | D:2      | 1241 ||| IDENTIFYING fuming dark potion
  1242 | D:2      | 1242 ||| DROPPING potion of ambrosia.
  1383 | D:3      | Noticed Sigmund
  1390 | D:3      | 1390 ||| READING scroll labelled CATYDE HIOTAT.
  1418 | D:3      | 1418 ||| Stepping randomly (disturbance).
  1424 | D:3      | Slain by Sigmund

Levels and vault maps discovered:
D:1:      tekkud_arrival_beachfront_property, layout_rooms,
          hellmonk_ecumenical_altar_watching_god, nicolae_figureground_sparkle
D:2:      layout_basic, serial_shops, shop, shop, nicolae_shop_window_shopping,
          nicolae_hexahallways, kennysheep_generic_room_8
D:3:      layout_loops_ring, chequers_temple_overflow_statue_of_worship,
          dilly_guarded_unrand_morg, uniq_terence, uniq_grinder, uniq_sigmund

Skill      XL: |  1  2  3 |
---------------+----------+-----
Ranged Weapons | 6 7 |  7.6
Fighting       | |  1.5
Dodging        | |  2.6
Stealth        | |  1.2

Action                     |  1- 3 |  4- 6 || total
---------------------------+-------+-------++-------
   Fire: Shortbow          |   101 |    37 ||   138
    Use: Scroll            |     3 |     4 ||     7
         Potion            |     1 |       ||     1
 Armour: Leather armour    |    11 |     1 ||    12
  Dodge: Dodged            |    28 |     4 ||    32

Table legend:
 A = Non-vault XP
 B = Vault XP
 C = Vault XP percentage of total XP
 D = Non-vault monster count
 E = Vault monster count
 F = Vault count percentage of total count
                 A         B        C        D         E       F
            +---------+---------+-------+---------+---------+-------
      Total |     124 |       0 |   0.0 |      49 |       0 |   0.0
            +---------+---------+-------+---------+---------+-------
        D:1 |      48 |       0 |   0.0 |      26 |       0 |   0.0
        D:2 |      67 |       0 |   0.0 |      17 |       0 |   0.0
        D:3 |       9 |       0 |   0.0 |       6 |       0 |   0.0
            +---------+---------+-------+---------+---------+-------
